 Dungeon Crawl Stone Soup version 0.25-a0-277-g7046ed1b37 (webtiles) character file.

Game seed: 11606339256788261120, levelgen mode: deterministic

97937 night the Black Belt (level 15, -8/124 HPs)
             Began as a Demonspawn Warper on Dec 8, 2019.
             Was the Champion of Cheibriados.
             Mangled by an ice devil (9 damage)
             ... in an ice cave on Dec 9, 2019.
             The game lasted 01:55:57 (27955 turns).

night the Black Belt (Demonspawn Warper)           Turns: 27955, Time: 01:55:58

Health: -8/124     AC: 11    Str: 33    XL:     15   Next: 73%
Magic:  13/27      EV: 13    Int: 35    God:    Cheibriados [******]
Gold:   1863       SH:  0    Dex: 28    Spells: 6/31 levels left

rFire    x . .     SeeInvis .     - Unarmed
rCold    + . .     Gourm    .   (no shield)
rNeg     . . .     Faith    .   F - +3 troll leather armour {Snorg}
rPois    .         Spirit   .   (helmet unavailable)
rElec    .         Reflect  .   (no cloak)
rCorr    .         Harm     .   A - +2 pair of gloves
MR       +....                  y - +0 pair of boots {Stlth+}
Stlth    +++.......             H - amulet of regeneration
HPRegen  1.10/turn              Q - +6 ring of strength
MPRegen  0.20/turn              o - ring of ice

@: very slow
A: claws 2, hooves 1, horns 3, demonic guardian 2, foul stench 2, rot immunity
a: Bend Time, Temporal Distortion, Slouch, Step From Time, Renounce Religion


You were in an ice cave.
You worshipped Cheibriados.
Cheibriados was exalted by your worship.
You were near starving.

You visited 3 branches of the dungeon, and saw 23 of its levels.
You also visited: Ice Cave.

You collected 1863 gold pieces.

Inventory:

Hand Weapons
 b - a +2 shortbow of freezing
 V - a +2 longbow of flaming
Missiles
 a - 10 javelins
 d - 5 boomerangs of dispersal
 k - 114 bolts
 m - 521 arrows
 n - 66 poisoned darts
 s - 15 boomerangs (quivered)
Armour
 j - a +1 pair of boots of flying
 y - a +0 pair of boots of stealth (worn)
 A - a +2 pair of gloves (worn)
 F - a +3 troll leather armour (worn) {Snorg}
 T - the +0 pair of boots of Qosuer {rF+ rN+ Str+3 Dex+3}
   (You found it on level 14 of the Dungeon)

   It affects your strength (+3).
   It affects your dexterity (+3).
   It protects you from fire.
   It protects you from negative energy.
Jewellery
 h - a +2 ring of intelligence
 o - a ring of ice (right hand)
 H - an amulet of regeneration (around neck)
 Q - a +6 ring of strength (left hand)
 R - the ring "Vyrghusu" {MR- Str+7 Dex+2 SInv Stlth+}
   (You found it on level 6 of the Lair of Beasts)

   [ring of dexterity]

   It affects your strength (+7).
   It affects your dexterity (+2).
   It affects your resistance to hostile enchantments.
   It lets you see invisible.
   It makes you more stealthy.
Wands
 x - a wand of flame (30)
 G - a wand of iceblast (31)
 J - a wand of acid (4)
 K - a wand of polymorph (35)
 L - a wand of enslavement (13)
 O - a wand of clouds (5)
Scrolls
 c - 2 scrolls of blinking
 g - a scroll of holy word
 r - 5 scrolls of identify
 t - 10 scrolls of remove curse
 z - 4 scrolls of fear
 B - 7 scrolls of teleportation
 E - 2 scrolls of magic mapping
 N - a scroll of fog
 W - a scroll of brand weapon {unknown}
Potions
 e - 2 potions of agility
 i - 4 potions of curing
 l - 9 potions of brilliance
 p - 5 potions of flight
 q - a potion of ambrosia
 u - a potion of magic
 v - a potion of invisibility
 w - 3 potions of heal wounds
 C - 2 potions of lignification
 D - 2 potions of might
 I - 3 potions of cancellation
Miscellaneous
 M - a lightning rod (4/4)
Comestibles
 f - 37 rations


   Skills:
 + Level 13.5 Fighting
 - Level 0.8 Throwing
 - Level 0.8 Armour
 - Level 1.7 Dodging
 * Level 16.6 Unarmed Combat
 + Level 8.5 Spellcasting
 + Level 5.9 Conjurations
 - Level 2.2 Hexes
 - Level 7.3 Translocations
 + Level 5.6 Fire Magic
 - Level 11.0 Invocations


You had 6 spell levels left.
You knew the following spells:

 Your Spells              Type           Power        Failure   Level  Hunger
a - Blink                 Tloc           N/A          1%          2    None
b - Shroud of Golubria    Chrm/Tloc      #####.       1%          2    None
c - Lesser Beckoning      Tloc           ######....   1%          3    None
d - Confusing Touch       Hex            ####..       1%          1    None
e - Teleport Other        Tloc           ######..     1%          3    None
f - Iskenderun's Mystic   Conj/Tloc      ######..     1%          4    None
g - Mephitic Cloud        Conj/Pois/Air  ####....     4%          3    None
h - Summon Butterflies    Summ           ###.....     3%          1    None
i - Fireball              Conj/Fire      ######....   9%          5    ###....
j - Apportation           Tloc           ######       1%          1    None

Your spell library contained the following spells:

 Spells                   Type           Power        Failure   Level  Hunger
 Magic Dart               Conj           ####         1%          1    None
 Searing Ray              Conj           ######       1%          2    None
 Dazzling Flash           Conj/Hex       #####.       1%          3    None
 Gell's Gravitas          Tloc           ######....   1%          3    None
 Passage of Golubria      Tloc           N/A          1%          4    None
 Animate Skeleton         Necr           N/A          3%          1    None
 Sting                    Tmut/Pois      ###.         3%          1    None
 Summon Small Mammal      Summ           ###.         3%          1    None
 Tukima's Dance           Hex            ####....     3%          3    None
 Poisonous Vapours        Pois/Air       ###...       4%          2    None
 Ignite Poison            Fire/Tmut/Pois ####....     4%          3    None
 Fulminant Prism          Conj/Hex       #####.....   6%          4    None
 Cause Fear               Hex            ####......   13%         4    None
 Olgreb's Toxic Radiance  Pois           ###.....     32%         4    None
 Starburst                Conj/Fire      ######....   41%         6    #####..
 Silence                  Hex/Air        ###.......   50%         5    ###....
 Yara's Violent Unravell  Hex/Tmut       ###.......   50%         5    ###....
 Alistair's Intoxication  Tmut/Pois      ###.....     65%         5    ###....
 Invisibility             Hex            ####....     89%         6    #####..
 Deflect Missiles         Chrm/Air       ###.......   99%         6    #####..
 Ring of Flames           Chrm/Fire      ####......   100%        7    ######.
 Discord                  Hex            ####......   100%        8    #######
 Ignition                 Fire           ######....   100%        8    #######


Dungeon Overview and Level Annotations

Branches:
Dungeon (15/15)            Temple (0/1) D:6            Lair (6/6) D:9
  Swamp (0/4) Lair:3        Snake (0/4) Lair:4        Slime (0/5) Lair:6
    Orc (2/2) D:10            Elf (0/3) Orc:2        Vaults (0/5) D:14
 Depths (0/5) D:15          IceCv (1/1)

Altars:
Ashenzari
Cheibriados
Gozag
Hepliaklqana
Kikubaaqudgha
Makhleb
Nemelex Xobeh
Okawaru
Qazlal
Uskayaw
Vehumet
Wu Jian
Yredelemnul
Zin
The Shining One

Shops:
D:10 :   D:13 :   D:14 [

Annotations:
D:3 exclusion: 2 goblins
Lair:1 3 runed translucent doors, Ratty's ghost, novice GnFi
Lair:4 2 runed translucent doors, MisterFreud's ghost, journeyman HuWn


Innate Abilities, Weirdness & Mutations

You have very sharp fingernails.
You have large cloven feet.
You have a pair of large horns on your head.
A demonic guardian rushes to your aid.
You frequently emit foul miasma when damaged in melee.
You are immune to rotting.


Message History

You are near starving!
Throwing (i - inventory. (/) - cycle)
s - 15 boomerangs (quivered)
Press: ? - help, Shift-Dir - straight line, f - ice devil
Aim: an ice devil (almost dead)
You throw a boomerang.
The boomerang hits the ice devil but does no damage.
The ice devil is almost dead.
An ice devil comes into view.
You can feel time thicken for a moment.
You kill the ice devil!
Cheibriados appreciates the change of pace.
You feel somewhat more hungry. The ice devil hits you!
* * * LOW HITPOINT WARNING * * *
The ice devil freezes you! You resist.
* * * LOW HITPOINT WARNING * * *
You emit a cloud of foul miasma!
You feel better. The ice devil hits you!
* * * LOW HITPOINT WARNING * * *
The ice devil freezes you! You resist.
You die...

§°##.# #.......#
..#.. #...##..##
.... #..###...#
#... ##[#.##..#
#... ##....#..#
#...###....##..#
###....##....#..##
#§.○.4.##...##..#
#§☼.☼○#@.##.≈#..##
§.§☼§ ##..####..#
§○☼§ #...###.##
○§§ ##..#..## §§
##....# . ##..##
####


You could see an ice devil.

Vanquished Creatures
  Louise (D:14)
  Snorg (D:10)
  Josephine (D:11)
  6 hydras
  A catoblepas (D:14)
  3 centaur warriors
  A death knight (D:15)
  12 two-headed ogres
  An ogre mage (D:14)
  Urug (D:12)
  4 death yaks
  A spriggan (Lair:3)
  3 skeletal warriors (D:12)
  3 unseen horrors
  2 wizards (D:15)
  An orc knight (D:15)
  A necromancer (D:15)
  A wolf spider zombie (D:15)
  3 orc sorcerers
  Pikel (D:7)
  An oklob plant (Lair:4)
  2 wolf spiders (Lair:6)
  2 cyclopes
  3 deep elf magi
  A manticore (D:14)
  10 ugly things
  2 ice statues (IceCv)
  3 elephants (Lair:4)
  A guardian serpent (Lair:6)
  11 black mambas
  A torpor snail (Lair:4)
  Psyche (D:11)
  10 spiny frogs
  6 komodo dragons
  2 kobold demonologists (D:11)
  5 rime drakes
  A freezing wraith (D:14)
  6 ice devils (IceCv)
  2 trolls
  A wind drake (shapeshifter) (D:15)
  3 hornets
  A polar bear (Lair:6)
  11 blink frogs
  7 slime creatures
  10 hippogriffs
  A redback (Lair:6)
  3 shadows
  A centaur simulacrum (D:15)
  6 wraiths
  13 wyverns
  47 yaks
  3 fire elementals (D:14)
  A hungry ghost (D:11)
  3 basilisks
  4 vampire mosquitoes (D:15)
  3 steam dragons
  7 wargs
  2 nagas (Lair:4)
  A soldier ant (D:14)
  An acid dragon (Lair:6)
  4 hell hounds (D:14)
  A soldier ant (shapeshifter) (D:13)
  15 water moccasins
  7 porcupines
  A swamp drake (Lair:6)
  8 orc warriors
  3 ice beasts
  3 sky beasts
  4 slaves (D:7)
  A necrophage (D:9)
  4 eyes of draining
  2 black bears
  17 ogres
  35 wolves
  10 centaurs
  15 crocodiles
  3 big kobolds (D:11)
  13 bullfrogs
  A wyvern skeleton (D:8)
  3 scorpions
  9 killer bees
  A vampire bat (D:5)
  12 wights
  2 electric eels (Lair:3)
  5 howler monkeys
  11 crimson imps
  9 centaur zombies
  6 hounds
  10 orc priests
  A bullfrog skeleton (D:8)
  3 centaur skeletons
  6 jellies
  24 orc wizards
  6 iguanas
  12 worker ants
  A worker ant zombie (D:10)
  8 gnolls
  9 adders
  2 shadow imps
  19 white imps
  7 ufetubi (IceCv)
  5 oozes (D:11)
  A worm (D:3)
  4 dart slugs
  3 leopard geckos
  39 orcs
  4 bat skeletons (D:5)
  2 bat zombies (D:5)
  2 giant cockroaches
  2 goblins
  2 hobgoblins
  19 kobolds
  4 quokkas
  2 ball pythons
  4 bats
  3 frilled lizards
  3 leopard gecko skeletons (D:4)
  2 quokka zombies
  4 rats
  A fungus (D:14)
666 creatures vanquished.

Vanquished Creatures (collateral kills)
  An ironheart preserver (D:14)
  Azrael (D:14)
  A fire dragon (Lair:6)
  3 hydras
  A centaur warrior (D:14)
  5 two-headed ogres
  A death yak (Lair:6)
  A skeletal warrior (D:12)
  A swamp dragon (Lair:6)
  An orc knight (D:13)
  An elephant (Lair:4)
  A centaur zombie (D:14)
  A gargoyle (D:10)
  A torpor snail (Lair:3)
  4 spiny frogs
  A rime drake (Lair:6)
  A komodo dragon (D:9)
  A jumping spider (shapeshifter) (D:13)
  15 blink frogs
  A polar bear (Lair:6)
  A hippogriff (D:11)
  5 dream sheep
  7 yaks
  Grum (D:11)
  A hungry ghost (D:11)
  A two-headed ogre zombie (Orc:1)
  2 ice beasts
  3 orc warriors
  An ogre (D:5)
  7 wolves
  2 centaurs
  A vampire bat (D:5)
  A crimson imp (D:10)
  A hound (D:6)
  An orc wizard (D:7)
  A worker ant (D:3)
  A gnoll (D:2)
  An adder (D:11)
  6 orcs
  A bat (D:3)
88 creatures vanquished.

Vanquished Creatures (others)
  An iguana (Lair:6)
  4 white imps (IceCv)
  2 ufetubi (IceCv)
  18 fungi
  29 plants
  4 toadstools (D:14)
58 creatures vanquished.

Grand Total: 812 creatures vanquished

Notes
Turn   | Place    | Note
-------+----------+-------------------------------------------
     0 | D:1      | night the Demonspawn Warper began the quest for the Orb.
     0 | D:1      | Reached XP level 1. HP: 16/16 MP: 3/3
   505 | D:1      | Reached skill level 2 in Unarmed Combat
   845 | D:1      | Gained mutation: A weak demonic guardian rushes to your
                  | aid. [demonic ancestry]
   845 | D:1      | Reached XP level 2. HP: 23/23 MP: 5/5
  1262 | D:2      | Learned a level 2 spell: Blink
  1265 | D:2      | Learned a level 2 spell: Shroud of Golubria
  1282 | D:2      | Found a snail-covered altar of Cheibriados.
  1299 | D:2      | Became a worshipper of Cheibriados the Contemplative
  1550 | D:2      | Gained mutation: You have sharp fingernails. [demonic
                  | ancestry]
  1550 | D:2      | Reached XP level 3. HP: 9/28 MP: 1/6
  1804 | D:2      | Found a burning altar of Makhleb.
  2390 | D:2      | Gained mutation: You have large cloven feet. [demonic
                  | ancestry]
  2390 | D:2      | Reached XP level 4. HP: 35/35 MP: 7/7
  2626 | D:2      | Found a glowing golden altar of the Shining One.
  2907 | D:3      | Reached skill level 3 in Unarmed Combat
  3056 | D:3      | Found an iron altar of Okawaru.
  3402 | D:3      | Gained mutation: You have very sharp fingernails. [demonic
                  | ancestry]
  3402 | D:3      | Reached XP level 5. HP: 25/41 MP: 8/8
  3521 | D:3      | Learned a level 3 spell: Lesser Beckoning
  3536 | D:3      | Learned a level 1 spell: Confusing Touch
  3564 | D:3      | Reached * piety under Cheibriados
  4013 | D:4      | Found an opulent altar of Gozag.
  4229 | D:4      | Noticed an orc warrior
  4252 | D:4      | Killed an orc warrior
  4252 | D:4      | Reached skill level 4 in Unarmed Combat
  4252 | D:4      | Gained mutation: You are immune to rotting. [demonic
                  | ancestry]
  4252 | D:4      | Reached XP level 6. HP: 13/48 MP: 6/9
  5495 | D:5      | Entered Level 5 of the Dungeon
  5512 | D:5      | Reached ** piety under Cheibriados
  5520 | D:4      | Gained mutation: You have a pair of small horns on your
                  | head. [demonic ancestry]
  5520 | D:4      | Reached XP level 7. HP: 28/55 MP: 10/10
  5863 | D:5      | Reached skill level 5 in Unarmed Combat
  6020 | D:5      | Found an ancient bone altar of Kikubaaqudgha.
  6034 | D:5      | Reached skill level 5 in Fighting
  6228 | D:5      | Reached skill level 5 in Translocations
  6233 | D:5      | Found a radiant altar of Vehumet.
  6236 | D:5      | Found a stormy altar of Qazlal.
  6238 | D:5      | Found an ornate altar of the Wu Jian Council.
  6276 | D:5      | Reached skill level 6 in Unarmed Combat
  6276 | D:5      | Reached XP level 8. HP: 61/62 MP: 9/11
  6291 | D:5      | Learned a level 3 spell: Teleport Other
  6993 | D:6      | Reached skill level 1 in Hexes
  7017 | D:6      | Found a staircase to the Ecumenical Temple.
  7022 | D:6      | Reached *** piety under Cheibriados
  7152 | D:6      | Found a sparkling altar of Nemelex Xobeh.
  7559 | D:6      | Found a basalt altar of Yredelemnul.
  7567 | D:6      | You fall into a shaft and drop 3 floors!
  7617 | D:9      | Noticed a troll
  7623 | D:9      | Killed a troll
  7747 | D:9      | Found a staircase to the Lair.
  7748 | D:9      | Noticed a komodo dragon
  8140 | D:9      | Reached skill level 7 in Unarmed Combat
  8333 | D:7      | Gained mutation: You have a pair of horns on your head.
                  | [demonic ancestry]
  8333 | D:7      | Reached XP level 9. HP: 20/69 MP: 12/12
  8908 | D:7      | Noticed Pikel
  8929 | D:7      | Found a hazy altar of Hepliaklqana.
  9450 | D:7      | Killed Pikel
  9450 | D:7      | Reached skill level 8 in Unarmed Combat
  9957 | D:8      | Found a hide-covered altar of Uskayaw.
  9963 | D:8      | Reached **** piety under Cheibriados
 10142 | D:8      | Noticed a two-headed ogre
 10152 | D:8      | Killed a two-headed ogre
 10909 | D:9      | Reached skill level 9 in Unarmed Combat
 10931 | D:9      | Gained mutation: A demonic guardian rushes to your aid.
                  | [demonic ancestry]
 10931 | D:9      | Reached XP level 10. HP: 68/79 MP: 15/15
 11348 | D:9      | Found a shattered altar of Ashenzari.
 11542 | D:10     | Entered Level 10 of the Dungeon
 11599 | D:10     | Reached ***** piety under Cheibriados
 11627 | D:10     | Found a staircase to the Orcish Mines.
 11686 | D:10     | Noticed a gargoyle
 11694 | D:10     | Killed a gargoyle
 11902 | D:10     | Learned a level 4 spell: Iskenderun's Mystic Blast
 11906 | D:10     | Learned a level 3 spell: Mephitic Cloud
 12044 | D:10     | Found a flagged portal.
 12120 | D:10     | Found Wopratec's Book Shoppe.
 12156 | D:10     | Noticed Snorg
 12166 | D:10     | Killed Snorg
 12166 | D:10     | Reached skill level 1 in Conjurations
 12364 | D:10     | Reached skill level 10 in Unarmed Combat
 12364 | D:10     | Reached skill level 1 in Invocations
 12703 | Lair:1   | Entered Level 1 of the Lair of Beasts
 12759 | Lair:1   | Noticed a spiny frog
 12765 | Lair:1   | Killed a spiny frog
 12993 | Lair:1   | Found a runed translucent gate.
 12994 | Lair:1   | Found a runed translucent gate.
 12995 | Lair:1   | Found a runed translucent gate.
 12997 | Lair:1   | Noticed Ratty's ghost (novice GnFi)
 13080 | Lair:1   | Gained mutation: You may emit foul miasma when damaged in
                  | melee. [demonic ancestry]
 13080 | Lair:1   | Reached XP level 11. HP: 52/87 MP: 18/18
 13603 | Lair:2   | You fall into a shaft and drop 1 floor!
 14010 | Lair:2   | Reached skill level 11 in Unarmed Combat
 14022 | Lair:2   | Reached skill level 5 in Invocations
 14443 | Lair:3   | Noticed a spriggan rider
 14455 | Lair:3   | HP: 4/89 [spriggan rider/+0 quarterstaff (29)]
 14456 | Lair:3   | Killed a spriggan rider
 14456 | Lair:3   | Reached ****** piety under Cheibriados
 14912 | Lair:3   | Reached skill level 12 in Unarmed Combat
 14938 | Lair:3   | Reached XP level 12. HP: 45/97 MP: 19/19
 15066 | Lair:3   | Reached skill level 10 in Fighting
 15411 | Lair:3   | Found a staircase to the Swamp.
 15433 | Lair:3   | Found an ornate altar of the Wu Jian Council.
 15783 | Lair:3   | Noticed a four-headed hydra
 15789 | Lair:3   | Killed a four-headed hydra
 16136 | Lair:4   | Noticed an eight-headed hydra
 16143 | Lair:4   | Killed an eight-headed hydra
 16324 | Lair:4   | Found a staircase to the Snake Pit.
 16391 | Lair:4   | Reached skill level 13 in Unarmed Combat
 16469 | Lair:4   | Noticed a seven-headed hydra
 16475 | Lair:4   | Killed a seven-headed hydra
 16515 | Lair:4   | Noticed a four-headed hydra
 16523 | Lair:4   | Killed a four-headed hydra
 16940 | Lair:4   | Noticed a death yak
 16946 | Lair:4   | Noticed a death yak
 16951 | Lair:4   | Killed a death yak
 16964 | Lair:4   | Killed a death yak
 16964 | Lair:4   | Reached skill level 10 in Invocations
 16972 | Lair:4   | Gained mutation: You have a pair of large horns on your
                  | head. [demonic ancestry]
 16972 | Lair:4   | Reached XP level 13. HP: 54/106 MP: 20/20
 17126 | Lair:4   | Found a large runed translucent door.
 17127 | Lair:4   | Found a large runed translucent door.
 17131 | Lair:4   | Noticed MisterFreud's ghost (journeyman HuWn)
 18211 | Lair:6   | Entered Level 6 of the Lair of Beasts
 18211 | Lair:6   | Found a staircase to the Slime Pits.
 18252 | Lair:6   | Reached skill level 14 in Unarmed Combat
 18589 | Lair:6   | Learned a level 1 spell: Summon Butterflies
 18624 | Lair:6   | Got a slimy hunting sling
 18625 | Lair:6   | Identified the +5 hunting sling "Vulen Kum" {freeze,
                  | Fragile rC+ Int+5} (You found it on level 6 of the Lair of
                  | Beasts)
 18705 | Lair:6   | Reached skill level 5 in Spellcasting
 20384 | Lair:6   | Noticed a fire dragon
 20516 | Lair:6   | Killed a fire dragon
 20531 | Lair:6   | Got a scorched silver ring
 20533 | Lair:6   | Identified the ring "Vyrghusu" {MR- Str+7 Dex+2 SInv
                  | Stlth+} (You found it on level 6 of the Lair of Beasts)
 20852 | D:11     | Noticed Grum
 20857 | D:11     | Gained mutation: You frequently emit foul miasma when
                  | damaged in melee. [demonic ancestry]
 20857 | D:11     | Reached XP level 14. HP: 73/115 MP: 22/22
 20860 | D:11     | Killed Grum
 20862 | D:11     | Noticed Josephine
 21175 | D:11     | Killed Josephine
 21222 | D:11     | Noticed Psyche
 21237 | D:11     | Killed Psyche
 21270 | D:11     | Got a pair of brightly glowing boots
 21276 | D:11     | Identified the +0 pair of boots "Ygumef" {MR+ rCorr Int+3
                  | SInv} (You found it on level 11 of the Dungeon)
 21301 | D:11     | Reached skill level 15 in Unarmed Combat
 21662 | D:11     | Learned a level 5 spell: Fireball
 22160 | D:12     | Reached skill level 1 in Fire Magic
 22661 | D:12     | Noticed Urug
 22667 | D:12     | Killed Urug
 22764 | D:12     | Got a pair of bloodstained boots
 22775 | D:12     | Identified the +1 pair of boots of Mosir {+Fly} (You found
                  | it on level 12 of the Dungeon)
 23196 | D:13     | Identified a scroll of acquirement
 23549 | D:13     | Got a distressingly furry shield
 23555 | D:13     | Identified the +0 shield "Qinkaas" {rPois Int-4 Slay+3}
                  | (You acquired it on level 13 of the Dungeon)
 23663 | D:13     | Found Solu's Book Shoppe.
 23933 | D:13     | Found a basalt altar of Yredelemnul.
 24573 | D:14     | Noticed Azrael
 24605 | D:14     | Killed Azrael
 24740 | D:14     | Found Teobeal's Armour Shop.
 24952 | D:14     | Got a pair of jewelled boots
 24963 | D:14     | Identified the +0 pair of boots of Qosuer {rF+ rN+ Str+3
                  | Dex+3} (You found it on level 14 of the Dungeon)
 25101 | D:14     | Upgraded the game from 0.25-a0-265-g7af84ae0ac to
                  | 0.25-a0-277-g7046ed1b37
 25112 | D:14     | Reached skill level 16 in Unarmed Combat
 25112 | D:14     | Reached XP level 15. HP: 86/123 MP: 22/26
 25491 | D:14     | Found a gate to the Vaults.
 25605 | D:14     | Noticed Louise
 25621 | D:14     | Killed Louise
 25781 | D:15     | Entered Level 15 of the Dungeon
 25984 | D:15     | Reached skill level 5 in Conjurations
 26096 | D:15     | Found a glowing silver altar of Zin.
 26345 | D:15     | Reached skill level 5 in Fire Magic
 26643 | D:15     | Found the +3 robe of Folly {Archmagi, MR-- Int+5}
 26740 | D:15     | Found a staircase to the Depths.
 27107 | Orc:1    | Entered Level 1 of the Orcish Mines
 27523 | Orc:2    | Entered Level 2 of the Orcish Mines
 27561 | Orc:2    | Found a frozen archway.
 27623 | IceCv    | Entered an ice cave
 27839 | IceCv    | Learned a level 1 spell: Apportation
 27954 | IceCv    | HP: 3/124 [ice devil (10)]
 27955 | IceCv    | HP: 1/124 [ice devil (12)]
 27955 | IceCv    | Mangled by an ice devil

Levels and vault maps discovered:
D:1:      dpeg_arrival_prison, layout_loops_ring, minmay_tetromino_l2
D:2:      layout_basic, makhleb_blood_cavern_becter, lemuel_crystal_altar,
          first_ration, nicolae_tso_carved_into_rock
D:3:      layout_loops_ring, kennysheep_okawaru_gauntlet, st_stairs_13
D:4:      layout_basic, serial_corexii_hall, corexii_hall_statues_s,
          corexii_hall_statues_t, lemuel_altar_in_water
D:5:      layout_loops_corners, kennysheep_vampire_church,
          grunt_temple_overflow_open, serial_rivers,
          chequers_serial_rivers_micro_d, chequers_serial_rivers_micro_e,
          chequers_serial_rivers_micro_c, chequers_serial_rivers_room_a,
          chequers_serial_rivers_small_3, chequers_serial_rivers_small_b
D:6:      layout_cave_pods, lemuel_crystal_altar, lemuel_round_altar,
          minmay_temple_entry_proselytizer
D:7:      layout_loops_ring, old_standard_altar, uniq_pikel
D:8:      layout_loops_cross, old_standard_altar,
          nicolae_ossuary_entry_false_entrances
D:9:      layout_basic, old_standard_altar, david_lair_shrubbed
D:10:     layout_basic, david_orc_3, enter_bailey_6, serial_shops,
          kennysheep_mini, uniq_snorg
D:11:     layout_cave_pools, hangedman_little_slice_of_home, uniq_psyche,
          uniq_grum, uniq_josephine
D:12:     layout_grid_maze, uniq_urug
D:13:     layout_irregular_city, basic_altar, serial_shops,
          nicolae_shop_statue_plus
D:14:     layout_small_grid, skrybe_vaults_entry_preservation, serial_shops,
          nicolae_shop_temple_entry_statues_fountains, nicolae_wwwww,
          minmay_gold_behind_fungi, wad_floor_pattern_2, uniq_louise,
          uniq_azrael
D:15:     grunt_enter_depths_magical_seal, layout_loops_ring, basic_altar
Lair:1:   layout_loops_ring, ebering_ghost_rock_garden
Lair:2:   layout_long_grid, lemuel_fruit_tree
Lair:3:   layout_long_grid, swamp_mist_pool, gauntlet_entry_generic,
          basic_altar, grunt_forest_large_clearings, serial_bayou_shore_a
Lair:4:   statuecave_lemuel, layout_small_grid, guppyfry_snake_entry_garden,
          ebering_ghost_disaster_area, hangedman_lair_generics_rect
Lair:5:   layout_concentric_octagons, grunt_megastairs_5
Lair:6:   hangedman_lair_tendril_chambers, layout_big_grid,
          guppyfry_lair_end_dragon, slime_dummy
Orc:1:    lemuel_ogre_cave, layout_caves
Orc:2:    st_orc_town, layout_caves, basic_altar, portal_ice_cave_entry_imps,
          uniq_erolcha
IceCv:    ice_cave_small_demon

Skill      XL: |  1  2  3  4  5  6  7  8  9 10 11 12 13 14 15 |
---------------+----------------------------------------------+-----
Unarmed Combat | 2 3 4 6 7 9 10 12 13 14 16 | 16.6
Fighting       | 3 4 5 6 7 8 9 11 12 13 | 13.5
Translocations | 3 4 5 6 7 |  7.3
Hexes          | 2 |  2.2
Spellcasting   | 3 4 5 7 8 |  8.5
Conjurations   | 1 3 4 5 |  5.9
Invocations    | 3 7 10 11 | 11.0
Fire Magic     | 4 5 |  5.6
Throwing       | |  0.8
Armour         | |  0.8
Dodging        | |  1.7

Action                   |  1- 3 |  4- 6 |  7- 9 | 10-12 | 13-15 || total
-------------------------+-------+-------+-------+-------+-------++-------
Melee: Unarmed           |   110 |   136 |   238 |   423 |   820 ||  1727
       Kick              |       |    44 |   110 |   246 |   173 ||   573
       Punch             |       |     2 |    16 |    40 |   103 ||   161
       Headbutt          |       |       |    66 |   166 |   308 ||   540
 Fire: Shortbow          |       |       |     2 |    11 |    99 ||   112
       Longbow           |       |       |       |       |    19 ||    19
Throw: Dart              |     9 |    25 |     2 |    93 |    13 ||   142
       Javelin           |       |     4 |       |       |       ||     4
       Boomerang         |       |       |       |       |    43 ||    43
 Cast: Shroud of Golubri |     1 |       |     8 |     5 |       ||    14
       Blink             |     1 |       |       |       |     1 ||     2
       Confusing Touch   |       |     8 |    17 |    22 |    40 ||    87
       Lesser Beckoning  |       |     1 |     2 |     2 |       ||     5
       Teleport Other    |       |       |     3 |     1 |       ||     4
       Mephitic Cloud    |       |       |       |       |    10 ||    10
       Iskenderun's Myst |       |       |       |       |     1 ||     1
       Fireball          |       |       |       |       |    10 ||    10
       Summon Butterflie |       |       |       |       |     3 ||     3
       Apportation       |       |       |       |       |     1 ||     1
Invok: Slouch            |       |       |       |     3 |     9 ||    12
       Step From Time    |       |       |       |       |     1 ||     1
Evoke: Wand              |       |       |     4 |     5 |     4 ||    13
       Lightning rod     |       |       |       |       |     4 ||     4
  Use: Scroll            |     7 |     4 |    10 |     3 |    10 ||    34
       Potion            |     3 |       |     4 |     2 |     3 ||    12
 Stab: Confused          |       |     4 |     8 |     7 |    32 ||    51
       Distracted        |       |       |     1 |     3 |     1 ||     5
       Sleeping          |       |       |       |       |     7 ||     7
  Eat: Chunk             |     5 |     7 |     9 |    10 |    21 ||    52
Armor: Scale mail        |    31 |       |       |       |       ||    31
       Leather armour    |     7 |       |       |       |       ||     7
       Ring mail         |       |    44 |    80 |    19 |       ||   143
       Troll leather arm |       |       |       |    89 |   232 ||   321
Dodge: Dodged            |    58 |    70 |   107 |   216 |   394 ||   845

Table legend:
 A = Non-vault XP
 B = Vault XP
 C = Vault XP percentage of total XP
 D = Non-vault monster count
 E = Vault monster count
 F = Vault count percentage of total count
                 A         B        C        D         E       F
            +---------+---------+-------+---------+---------+-------
      Total |   93422 |   46489 |  33.2 |     543 |     206 |  27.5
            +---------+---------+-------+---------+---------+-------
        D:1 |      15 |       5 |  25.0 |       8 |       2 |  20.0
        D:2 |      77 |      30 |  28.0 |      15 |       1 |   6.2
        D:3 |     160 |       3 |   1.8 |      22 |       1 |   4.3
        D:4 |     462 |       0 |   0.0 |      19 |       0 |   0.0
        D:5 |     622 |     109 |  14.9 |      13 |       8 |  38.1
        D:6 |     264 |      41 |  13.4 |       7 |       1 |  12.5
        D:7 |    1102 |     577 |  34.4 |      27 |       1 |   3.6
        D:8 |    1078 |       0 |   0.0 |       9 |       0 |   0.0
        D:9 |    1477 |     249 |  14.4 |      22 |       1 |   4.3
       D:10 |    2166 |    1692 |  43.9 |      32 |      11 |  25.6
       D:11 |    5180 |    2797 |  35.1 |      53 |      19 |  26.4
       D:12 |    5478 |     859 |  13.6 |      29 |       1 |   3.3
       D:13 |    9717 |       0 |   0.0 |      38 |       0 |   0.0
       D:14 |   18140 |    8557 |  32.1 |      43 |      18 |  29.5
       D:15 |   11650 |    4030 |  25.7 |      38 |       8 |  17.4
     Lair:1 |    1657 |       0 |   0.0 |      10 |       0 |   0.0
     Lair:2 |    2696 |     466 |  14.7 |      16 |       4 |  20.0
     Lair:3 |    8590 |    3237 |  27.4 |      43 |      26 |  37.7
     Lair:4 |    9511 |    3081 |  24.5 |      33 |       9 |  21.4
     Lair:5 |    4193 |     468 |  10.0 |      15 |       1 |   6.2
     Lair:6 |    7576 |   12762 |  62.7 |      32 |      42 |  56.8
      Orc:1 |     544 |    3802 |  87.5 |       8 |      14 |  63.6
      Orc:2 |    1067 |     662 |  38.3 |      11 |      16 |  59.3
      IceCv |       0 |    3062 | 100.0 |       0 |      22 | 100.0
            +---------+---------+-------+---------+---------+-------
